 Dungeon Crawl Stone Soup version 0.22.1-2-g9c5b331 (webtiles) character file.

4403 havocjr2 the Blocker (level 10, -4/82 HPs)
             Began as a Gnoll Fighter on Dec 20, 2018.
             Was an Initiate of Sif Muna.
             Slain by a white ugly thing (17 damage)
             ... on level 9 of the Dungeon.
             The game lasted 01:02:14 (8002 turns).

havocjr2 the Blocker (Gnoll Fighter)                Turns: 8002, Time: 01:02:14

Health: -4/82      AC: 15    Str: 19    XL:     10   Next: 35%
Magic:  17/17      EV: 13    Int: 11    God:    Sif Muna [......]
Gold:   217        SH: 11    Dex: 17    Spells: 16/19 levels left

rFire    + . .     SeeInvis .   P - +0 falchion (holy)
rCold    + . .     Gourm    .   c - +0 shield
rNeg     . . .     Faith    .   i - quicksilver dragon scales
rPois    +         Spirit   .   g - +0 helmet
rElec    .         Reflect  .   e - scarf {rC+ rF+}
rCorr    .         Harm     .   C - +0 pair of gloves (curse)
MR       +....                  (no boots)
Stlth    ++........             (no amulet)
HPRegen  0.23/turn              F - ring of poison resistance
MPRegen  0.15/turn              (no ring)

@: no status effects
A: distributed training, fangs 1, strong nose
a: Renounce Religion


You were on level 9 of the Dungeon.
You worshipped Sif Muna.
Sif Muna was noncommittal.
You were not hungry.

You visited 2 branches of the dungeon, and saw 10 of its levels.
You also visited: Ossuary.

You collected 492 gold pieces.
You spent 275 gold pieces at shops.

Inventory:

Hand Weapons
 a - a +3 long sword
 s - a +0 blowgun
 y - a +0 dagger of venom
 G - a cursed -2 dagger
 H - a +1 dagger of speed
 N - a +0 fustibalus
 P - a +0 falchion of holy wrath (weapon)
Missiles
 t - 15 poisoned needles
 J - 2 tomahawks
 K - 3 javelins (quivered)
 L - 2 throwing nets
Armour
 c - a +0 shield (worn)
 e - a scarf of resistance (worn)
 g - a +0 helmet (worn)
 i - quicksilver dragon scales (worn)
 C - a cursed +0 pair of gloves (worn)
 I - the +1 chain mail "Gaode" {Str+5}
   (You found it on level 5 of the Dungeon)

   It affects your strength (+5).
 S - a +0 cloak
Magical Staves
 B - an uncursed staff of earth
Jewellery
 F - a ring of poison resistance (left hand)
 Q - an uncursed ring of protection from cold {unknown}
Wands
 A - a wand of flame (17)
Scrolls
 h - 4 scrolls of amnesia
 j - 4 scrolls of identify
 k - 4 scrolls of blinking
 m - 5 scrolls of magic mapping
 q - 2 scrolls of teleportation
 r - a scroll of immolation
 v - a scroll of acquirement {unknown}
 w - a scroll of fog
 x - a scroll of remove curse {unknown}
 D - a scroll of fear {unknown}
 R - a scroll of enchant armour {unknown}
Potions
 b - a potion of curing
 d - 2 potions of might
 l - a potion of cancellation
 n - 2 potions of invisibility {unknown}
 o - 2 potions of degeneration
 p - 2 potions of lignification {unknown}
 u - a potion of ambrosia {unknown}
 z - a potion of flight {unknown}
 E - 3 potions of agility
 O - 2 potions of resistance {unknown}
Comestibles
 f - 12 rations


   Skills:
 + Level 8.4 Fighting
 + Level 5.1 Short Blades
 + Level 6.9 Long Blades
 + Level 5.1 Axes
 + Level 5.1 Maces & Flails
 + Level 5.1 Polearms
 + Level 5.1 Staves
 + Level 5.1 Slings
 + Level 5.1 Bows
 + Level 5.1 Crossbows
 + Level 5.1 Throwing
 + Level 8.4 Armour
 + Level 5.1 Dodging
 + Level 5.1 Stealth
 + Level 8.4 Shields
 + Level 5.1 Unarmed Combat
 + Level 5.1 Spellcasting
 + Level 4.2 Conjurations
 + Level 4.2 Hexes
 + Level 4.2 Charms
 + Level 4.2 Summonings
 + Level 4.2 Necromancy
 + Level 4.2 Translocations
 + Level 4.2 Transmutations
 + Level 4.2 Fire Magic
 + Level 4.2 Ice Magic
 + Level 4.2 Air Magic
 + Level 4.2 Earth Magic
 + Level 4.2 Poison Magic
 + Level 5.6 Invocations
 + Level 5.1 Evocations


You had 16 spell levels left.
You knew the following spells:

 Your Spells              Type           Power        Failure   Level  Hunger
a - Dazzling Spray        Conj/Hex       ##....       38%         3    ###....

Your spell library contained the following spells:

 Spells                   Type           Power        Failure   Level  Hunger
 Animate Skeleton         Necr           N/A          14%         1    None
 Corona                   Hex            ##.....      14%         1    None
 Flame Tongue             Conj/Fire      ##...        14%         1    None
 Pain                     Necr           ##..         14%         1    None
 Ensorcelled Hibernation  Hex/Ice        ##....       21%         2    ##.....
 Throw Flame              Conj/Fire      ##....       21%         2    ##.....
 Confuse                  Hex            ##......     38%         3    ###....
 Conjure Flame            Conj/Fire      ##......     38%         3    ###....
 Inner Flame              Hex/Fire       ##......     38%         3    ###....
 Regeneration             Chrm/Necr      ##........   38%         3    ###....
 Tukima's Dance           Hex            ##......     38%         3    ###....
 Vampiric Draining        Necr           ##........   38%         3    ###....
 Animate Dead             Necr           N/A          80%         4    ####...
 Sticky Flame             Conj/Fire      ##......     80%         4    ####...
 Fireball                 Conj/Fire      ##........   98%         5    ######.


Dungeon Overview and Level Annotations

Branches:
Dungeon (9/15)             Temple (1/1) D:4
   Lair: D:8-11         Orc: D:9-12

Altars:
Ashenzari
Cheibriados
Dithmenos
Elyvilon
Fedhas
Gozag
Hepliaklqana
Kikubaaqudgha
Nemelex Xobeh
Okawaru
Qazlal
Ru
Sif Muna
Trog
Uskayaw
Wu Jian
Xom
Yredelemnul
Zin
The Shining One

Shops:
D:4 [   D:6 :


Innate Abilities, Weirdness & Mutations

Your experience applies equally to all skills.
You have very sharp teeth.
Your uncanny sense of smell can sniff out nearby items.


Message History

You hit the white ugly thing.
You bite the white ugly thing, but do no damage.
The white ugly thing is lightly wounded.
The white ugly thing kicks you but does no damage.
You hit the white ugly thing but do no damage.
The white ugly thing is lightly wounded.
The white ugly thing kicks you but does no damage.
You block the white ugly thing's attack.
As you read the scroll of teleportation, it crumbles to dust.
You feel strangely unstable.
The white ugly thing closely misses you.
Found a stone staircase leading down.
Your surroundings seem slightly different.
You block the white ugly thing's attack.
You hit the white ugly thing.
The white ugly thing is lightly wounded.
The white ugly thing kicks you!
* * * LOW HITPOINT WARNING * * *
The white ugly thing freezes you! You resist.
You die...

#..#
#...............#
#. #..#
#........####...#
#. #.z#
#........# #...#
#. #........#
#.#######
#........#
#.##.#.#.
#...>....#
#.##.#.#.
#........#
.#_.....
#........#
#8.....
#...@...[#
#..#.#.
#...u....#
##.#.##
#........# #####
#........#
#........#
#........#
#........#
#........#
#........#


You could see a white ugly thing.

Vanquished Creatures
  Grum (D:8)
  Menkaure (D:4)
  A water moccasin (D:9)
  3 ice beasts
  3 sky beasts
  Duvessa (D:4)
  A necrophage (D:8)
  A black bear (D:7)
  2 ogres
  An orc warrior (D:7)
  4 centaurs
  2 phantoms (D:8)
  2 wolves
  3 bullfrogs
  An elf zombie (Ossuary)
  A big kobold (D:8)
  2 gnoll sergeants
  Dowan (D:4)
  2 scorpions
  3 killer bees (D:7)
  3 jellies
  2 centaur zombies (Ossuary)
  6 crimson imps
  A quasit (D:7)
  A gnoll shaman (D:6)
  An orc priest (D:7)
  4 hounds
  2 human zombies (Ossuary)
  A bullfrog skeleton (D:7)
  2 centaur skeletons
  2 iguanas
  5 orc wizards
  3 worker ants
  A big kobold zombie (Ossuary)
  2 hound skeletons
  2 mummies (Ossuary)
  A worker ant zombie (D:6)
  Robin (D:4)
  A howler monkey zombie (D:8)
  9 adders
  23 gnolls
  2 shadow imps (D:7)
  An ooze (D:1)
  3 adder zombies
  3 worms
  A dart slug (D:2)
  6 leopard geckos
  26 orcs
  6 bats
  4 giant cockroaches
  16 goblins
  10 hobgoblins
  5 jackals (D:8)
  10 kobolds
  6 quokkas
  6 frilled lizards
  2 goblin zombies (Ossuary)
  6 hobgoblin zombies (Ossuary)
  3 jackal zombies (Ossuary)
  8 kobold zombies (Ossuary)
  10 orc zombies (Ossuary)
  A quokka skeleton (D:7)
  A quokka zombie (D:5)
  10 rats
  A rat zombie (Ossuary)
256 creatures vanquished.

Notes
Turn   | Place    | Note
-------+----------+-------------------------------------------
     0 | D:1      | havocjr2 the Gnoll Fighter began the quest for the Orb.
     0 | D:1      | Reached XP level 1. HP: 23/23 MP: 1/1
   167 | D:1      | Found a shattered altar of Ashenzari.
   182 | D:1      | Reached XP level 2. HP: 29/29 MP: 2/2
   606 | D:2      | Reached XP level 3. HP: 35/35 MP: 3/3
   869 | D:2      | Reached skill level 1 in Invocations
   964 | D:2      | Reached skill level 1 in Short Blades
   964 | D:2      | Reached skill level 1 in Axes
   964 | D:2      | Reached skill level 1 in Maces & Flails
   964 | D:2      | Reached skill level 1 in Polearms
   964 | D:2      | Reached skill level 1 in Staves
   964 | D:2      | Reached skill level 1 in Slings
   964 | D:2      | Reached skill level 1 in Bows
   964 | D:2      | Reached skill level 1 in Crossbows
   964 | D:2      | Reached skill level 1 in Throwing
   964 | D:2      | Reached skill level 1 in Dodging
   964 | D:2      | Reached skill level 1 in Stealth
   964 | D:2      | Reached skill level 1 in Unarmed Combat
   964 | D:2      | Reached skill level 1 in Spellcasting
   964 | D:2      | Reached skill level 1 in Evocations
  1002 | D:2      | Reached XP level 4. HP: 32/41 MP: 5/5
  1582 | D:3      | Reached skill level 1 in Conjurations
  1582 | D:3      | Reached skill level 1 in Hexes
  1582 | D:3      | Reached skill level 1 in Charms
  1582 | D:3      | Reached skill level 1 in Summonings
  1582 | D:3      | Reached skill level 1 in Necromancy
  1582 | D:3      | Reached skill level 1 in Translocations
  1582 | D:3      | Reached skill level 1 in Transmutations
  1582 | D:3      | Reached skill level 1 in Fire Magic
  1582 | D:3      | Reached skill level 1 in Ice Magic
  1582 | D:3      | Reached skill level 1 in Air Magic
  1582 | D:3      | Reached skill level 1 in Earth Magic
  1582 | D:3      | Reached skill level 1 in Poison Magic
  2247 | D:4      | Reached XP level 5. HP: 43/47 MP: 5/7
  2272 | D:4      | Found Gulec's Antique Armour Boutique.
  2276 | D:4      | Noticed an ogre
  2299 | D:4      | Killed an ogre
  2335 | D:4      | Reached XP level 6. HP: 46/53 MP: 8/8
  2611 | D:4      | Noticed Duvessa
  2611 | D:4      | Noticed Dowan
  2654 | D:4      | Killed Duvessa
  2654 | D:4      | Reached skill level 5 in Long Blades
  2679 | D:4      | Killed Dowan
  2679 | D:4      | Reached XP level 7. HP: 25/59 MP: 10/10
  2876 | D:4      | Found a shadowy altar of Dithmenos.
  2911 | D:4      | Noticed Menkaure
  2923 | D:4      | Killed Menkaure
  3043 | D:4      | Noticed Robin
  3060 | D:4      | Killed Robin
  3146 | D:4      | Found a staircase to the Ecumenical Temple.
  3379 | Temple   | Entered the Ecumenical Temple
  3677 | D:5      | Entered Level 5 of the Dungeon
  3883 | D:5      | Reached XP level 8. HP: 49/67 MP: 12/12
  3991 | D:5      | Found a blossoming altar of Fedhas.
  4098 | D:5      | Got a dazzling chain mail
  4256 | D:5      | Found a sand-covered staircase.
  4270 | Ossuary  | Entered an ossuary
  5297 | D:6      | Reached XP level 9. HP: 61/72 MP: 14/14
  5441 | D:6      | Found Busas's Book Shoppe.
  5504 | D:6      | Identified the +1 chain mail "Gaode" {Str+5} (You found it
                  | on level 5 of the Dungeon)
  5505 | D:6      | Bought a book of Maledictions for 275 gold pieces
  6034 | D:7      | Learned a level 3 spell: Dazzling Spray
  6576 | D:8      | Noticed Grum
  6794 | D:8      | Reached skill level 5 in Invocations
  6878 | D:8      | Reached XP level 10. HP: 79/80 MP: 17/17
  6931 | D:8      | Killed Grum
  7254 | D:8      | Found a sacrificial altar of Ru.
  7619 | D:9      | Found a glowing silver altar of Zin.
  7620 | D:9      | Found an opulent altar of Gozag.
  7703 | D:9      | Reached skill level 5 in Short Blades
  7703 | D:9      | Reached skill level 5 in Axes
  7703 | D:9      | Reached skill level 5 in Maces & Flails
  7703 | D:9      | Reached skill level 5 in Polearms
  7703 | D:9      | Reached skill level 5 in Staves
  7703 | D:9      | Reached skill level 5 in Slings
  7703 | D:9      | Reached skill level 5 in Bows
  7703 | D:9      | Reached skill level 5 in Crossbows
  7703 | D:9      | Reached skill level 5 in Throwing
  7703 | D:9      | Reached skill level 5 in Dodging
  7703 | D:9      | Reached skill level 5 in Stealth
  7703 | D:9      | Reached skill level 5 in Unarmed Combat
  7703 | D:9      | Reached skill level 5 in Spellcasting
  7703 | D:9      | Reached skill level 5 in Evocations
  7826 | D:9      | Found a shimmering altar of Xom.
  7845 | D:9      | Found a deep blue altar of Sif Muna.
  7849 | D:9      | Found an ornate altar of the Wu Jian Council.
  7869 | D:9      | Became a worshipper of Sif Muna the Loreminder
  7963 | D:9      | Noticed a white ugly thing
  8002 | D:9      | Slain by a white ugly thing

Skill      XL: |  1  2  3  4  5  6  7  8  9 10 |
---------------+-------------------------------+-----
Invocations    | 1 2 3 4 5 |  5.6
Short Blades   | 1 2 3 4 5 |  5.1
Axes           | 1 2 3 4 5 |  5.1
Maces & Flails | 1 2 3 4 5 |  5.1
Polearms       | 1 2 3 4 5 |  5.1
Staves         | 1 2 3 4 5 |  5.1
Slings         | 1 2 3 4 5 |  5.1
Bows           | 1 2 3 4 5 |  5.1
Crossbows      | 1 2 3 4 5 |  5.1
Throwing       | 1 2 3 4 5 |  5.1
Dodging        | 1 2 3 4 5 |  5.1
Stealth        | 1 2 3 4 5 |  5.1
Unarmed Combat | 1 2 3 4 5 |  5.1
Spellcasting   | 1 2 3 4 5 |  5.1
Evocations     | 1 2 3 4 5 |  5.1
Conjurations   | 1 2 3 4 |  4.2
Hexes          | 1 2 3 4 |  4.2
Charms         | 1 2 3 4 |  4.2
Summonings     | 1 2 3 4 |  4.2
Necromancy     | 1 2 3 4 |  4.2
Translocations | 1 2 3 4 |  4.2
Transmutations | 1 2 3 4 |  4.2
Fire Magic     | 1 2 3 4 |  4.2
Ice Magic      | 1 2 3 4 |  4.2
Air Magic      | 1 2 3 4 |  4.2
Earth Magic    | 1 2 3 4 |  4.2
Poison Magic   | 1 2 3 4 |  4.2
Long Blades    | 5 6 |  6.9
Fighting       | 7 8 |  8.4
Armour         | 7 8 |  8.4
Shields        | 7 8 |  8.4

Action                   |  1- 3 |  4- 6 |  7- 9 | 10-12 || total
-------------------------+-------+-------+-------+-------++-------
Melee: Long sword        |   102 |   125 |   375 |    38 ||   640
       Bite              |     9 |    18 |    74 |    13 ||   114
       Dagger            |       |    24 |    35 |       ||    59
       Falchion          |       |       |    20 |    55 ||    75
 Fire: Blowgun           |       |    39 |    17 |       ||    56
Throw: Tomahawk          |       |     1 |    67 |     3 ||    71
       Javelin           |       |       |    80 |    33 ||   113
       Throwing net      |       |       |     1 |       ||     1
Evoke: Wand              |       |       |     3 |       ||     3
  Use: Scroll            |       |     3 |     7 |     4 ||    14
 Stab: Sleeping          |       |       |     2 |       ||     2
       Distracted        |       |       |     1 |       ||     1
  Eat: Chunk             |       |     6 |    14 |     4 ||    24
Armor: Scale mail        |    33 |    48 |     9 |       ||    90
       Quicksilver drago |       |       |   127 |    28 ||   155
Dodge: Dodged            |    40 |    42 |   163 |    33 ||   278
Block: Shield            |    64 |    89 |   268 |    64 ||   485
       Rpst.: Long sword |     9 |     8 |    33 |     7 ||    57
       Falchion          |       |       |     4 |     6 ||    10
